 Dungeon Crawl Stone Soup version 0.31-a0-365-gcf821cafb2 (webtiles) character file.

Game seed: 6482520992223596178

151 porpoise the Shooter (level 5, -11/49 HPs)
             Began as a Kobold Hunter on July 28, 2023.
             Killed by divine providence
             ... invoked by an orc priest
              (13 damage)
             ... on level 3 of the Dungeon.
             The game lasted 00:04:09 (1627 turns).

porpoise the Shooter (Kobold Hunter)                Turns: 1627, Time: 00:04:10

Health: -11/49     AC: 22    Str:  8    XL:     5   Next: 59%
Magic:  5/5        EV:  3    Int: 10    God:
Gold:   135        SH:  0    Dex: 21    Spells: 4/4 levels left

rFire   + . .        a - +0 shortbow
rCold   + . .        (shield currently unavailable)
rNeg    . . .        c - melded +0 leather armour
rPois   +            (helmet currently unavailable)
rElec   +            (cloak currently unavailable)
rCorr   +            (gloves currently unavailable)
SInv    .            h - melded +0 pair of boots
Will    .....        (no amulet)
Stlth   +++          (no ring)
HPRegen 0.28/turn    (no ring)
MPRegen 0.09/turn

%: no passive effects
@: mighty, tree-form, resistant, hasted, very quick
A: stationary, stasis, torment immunity, boosted hp, small, no large weapons,
nightstalker 3
a: no special abilities


You were on level 3 of the Dungeon.
You were a tree.
You visited 1 branch of the dungeon, and saw 3 of its levels.

You collected 135 gold pieces.

Inventory:

Hand Weapons
 a - a +0 shortbow (weapon)
Missiles
 s - 5 boomerangs
Armour
 c - a +0 leather armour (melded)
 h - a +0 pair of boots (melded)
Scrolls
 b - a scroll of butterflies
 e - a scroll of noise {unknown}
 g - a scroll of vulnerability {unknown}
 i - a scroll of teleportation
 m - a scroll of amnesia {unknown}
 n - a scroll of enchant armour {unknown}
Potions
 d - a potion of degeneration {unknown}
 f - a potion of ambrosia {unknown}
 j - a potion of lignification
 k - a potion of haste
 l - a potion of brilliance {unknown}
 q - a potion of cancellation {unknown}
 r - a potion of attraction {unknown}


   Skills:
 + Level 3.7 Fighting
 * Level 7.6 Ranged Weapons
 - Level 2.4 Dodging
 - Level 1.3 Stealth


You had 4 spell levels left.
You didn't know any spells.
Your spell library contained the following spells:

 Spells                   Type           Power      Damage    Failure   Level
 Sandblast                Erth           0%         2d4       36%         1
 Passwall                 Tmut/Erth      0%         N/A       50%         2
 Stone Arrow              Conj/Erth      0%         3d7       75%         3


Dungeon Overview and Level Annotations

Branches:
Dungeon (3/15)

Altars:


Innate Abilities, Weirdness & Mutations

You are a tree.
Your roots penetrate the ground, keeping you stationary.
You cannot be teleported.
You are immune to unholy pain and torment.
Your maximum health is greatly increased.
Your equipment is partially melded.
You are small and have problems with some larger weapons.
You are completely attuned to the shadows.


Message History

The orc priest begins to cast a cantrip, but forgets the words!
You shoot an arrow.
The arrow closely misses the orc priest.
The orc barely misses you.
The orc priest hits you with a +0 flail.
You shoot an arrow. The arrow hits the orc priest!
The orc priest is severely wounded.
The orc closely misses you.
The orc priest hits you with a +0 flail.
You shoot an arrow. The arrow barely misses the orc priest.
The orc completely misses you.
The orc priest miscasts a cantrip.
You shoot an arrow. The arrow barely misses the orc priest.
The orc hits you with a +0 hand axe.
The orc priest hits you with a +0 flail.
* * * LOW HITPOINT WARNING * * *
The orc closely misses you. The orc priest barely misses you.
You shoot an arrow. The arrow barely misses the orc priest.
The orc misses you.
The orc priest begins to cast a cantrip, but forgets the words!
It was a potion of haste.
You feel yourself speed up. The orc closely misses you.
The orc priest barely misses you.
It was a potion of lignification.
You turn into a tree.
Your +0 pair of boots melds into your body.
Your +0 leather armour melds into your body.
Your roots penetrate the ground.
It was a potion of resistance.
You feel protected. The orc hits you with a +0 hand axe.
* * * LOW HITPOINT WARNING * * *
The orc priest hits you with a +0 flail.
* * * LOW HITPOINT WARNING * * *
It was a potion of might.
You feel very mighty all of a sudden.
Okay, then.
You shoot an arrow. The arrow hits the orc priest.
The orc priest is severely wounded.
The orc hits you but does no damage.
The orc priest invokes the aid of Beogh against you.
Beogh smites you!
You die...

### # ...P...# #
).....#.~.~~.#.# #
....))#~~~~~~#.### #
......#.~~~~..)..# #
....o.#.~~~~...#.# #
#o♣......).#.#.# ##
...########..#.#.###.
.) #.....#..... .
###########~ ..~ ###
#


You could see an orc priest and an orc.

Vanquished Creatures
  An orc priest (D:3)
  An orc wizard (D:3)
  A gnoll (D:1)
  2 adders (D:2)
  A dart slug (D:1)
  6 orcs
  4 endoplasms
  5 giant cockroaches
  5 goblins
  A hobgoblin (D:2)
  7 kobolds
  5 quokkas
  6 ball pythons
  7 bats
  4 frilled lizards
  6 rats
  A spectral kobold (D:1)
63 creatures vanquished.

Notes
Turn   | Place    | Note
-------+----------+-------------------------------------------
     0 | D:1      | porpoise the Kobold Hunter began the quest for the Orb.
     0 | D:1      | Reached XP level 1. HP: 12/12 MP: 1/1
   209 | D:1      | Reached XP level 2. HP: 18/18 MP: 2/2
   241 | D:1      | Reached skill level 6 in Ranged Weapons
   251 | D:1      | Reached XP level 3. HP: 7/22 MP: 3/3
   726 | D:1      | Found a faded altar of an unknown god.
   803 | D:2      | Reached XP level 4. HP: 28/28 MP: 4/4
  1059 | D:2      | Reached skill level 7 in Ranged Weapons
  1397 | D:3      | Reached XP level 5. HP: 13/32 MP: 5/5
  1625 | D:3      | HP: 2/49 [orc priest/+0 flail (3)]
  1627 | D:3      | Killed from afar by an orc priest

Illustrated notes

Levels and vault maps discovered:
D:1:      tarquinn_simple_flora_water_f, layout_loops_ring,
          dreamdust_ecumenical_altar_drowned_temple,
          chequers_serial_rivers_small_a
D:2:      layout_rooms
D:3:      layout_basic, makhleb_altar_promises_db, serial_undead,
          serial_undead_f, serial_undead_a, serial_undead_c, serial_undead_f,
          serial_shops, shop, chequers_serial_rivers_micro_b,
          serial_bayou_lagoon_a, uniq_sigmund, uniq_ijyb

Skill      XL: |  1  2  3  4 |
---------------+-------------+-----
Ranged Weapons | 6 7 |  7.6
Fighting       | 3 |  3.7
Dodging        | |  2.4
Stealth        | |  1.3

Action                     |  1- 3 |  4- 6 || total
---------------------------+-------+-------++-------
   Fire: Shortbow          |    74 |   106 ||   180
    Use: Scroll            |       |     1 ||     1
         Potion            |       |     4 ||     4
 Armour: Leather armour    |     9 |    24 ||    33
         Skin              |       |     1 ||     1
  Dodge: Dodged            |    35 |    60 ||    95

Table legend: (Time is in decaauts)
 A = Elapsed time spent in this place.
 B = Non-inter-level travel time spent in this place.
 C = Inter-level travel time spent in this place.
 D = Time resting spent in this place.
 E = Time spent auto-exploring this place.
 F = Levels seen in this place.
 G = Mean time per level.
                   A        B        C        D        E       F      G
               +--------+--------+--------+--------+--------+-----+--------+
         Total |   1661 |   1567 |     94 |    188 |   1040 |   3 |  553.7 |
       Dungeon |   1661 |   1567 |     94 |    188 |   1040 |   3 |  553.7 |
               +--------+--------+--------+--------+--------+-----+--------+

Top non-repeatable levels by time:
     D:1: 821 daAuts
     D:2: 611 daAuts
     D:3: 228 daAuts
